 Dungeon Crawl Stone Soup version 0.20.1-1-g8b1a95d (webtiles) character file.

87829 Mitsuki the Warrior (level 15, -6/98 HPs)
             Began as a Hill Orc Fighter on Sept 15, 2017.
             Was the Champion of Okawaru.
             Killed from afar by a ynoxinul (11 damage)
             ... with an iron shot
             ... on level 3 of the Abyss on Sept 21, 2017.
             The game lasted 02:21:14 (28095 turns).

Mitsuki the Warrior (Hill Orc Fighter)             Turns: 28095, Time: 02:21:14

Health: -6/98      AC: 29    Str: 22    XL:     15   Next: 91%
Magic:  29/29      EV: 12    Int: 12    God:    Okawaru [******]
Gold:   2243       SH: 10    Dex: 18    Spells: 14/14 levels left

rFire    + . .     SeeInvis +   L - +7 captain's cutlass {speed, disarm}
rCold    . . .     Gourm    .   V - +2 buckler {rN+}
rNeg     + + .     Faith    .   N - +3 plate armour
rPois    .         Spirit   .   Q - +1 helmet of Crawling {*Drain rN+ Regen+ Int+4}
rElec    .         Reflect  .   v - +0 cloak {MR+}
rCorr    .         Harm     .   D - +0 pair of gloves
MR       ++...                  n - +1 pair of boots
Stlth    ..........             (no amulet)
Regen    0.7/turn               R - ring of Foolhardiness {rF+ MP+9 Dex+8}
MPRegen  0.3/turn               O - ring of see invisible

@: very slightly contaminated, invisible
A: fangs 1, icy blue scales 1, [frail 3], [screaming 2], [weak 2], MP-powered
wands
a: Heroism, Finesse, Renounce Religion


You were on level 3 of the Abyss.
You worshipped Okawaru.
Okawaru was exalted by your worship.
You were not hungry.

You visited 5 branches of the dungeon, and saw 22 of its levels.
You visited the Abyss 1 time.
You also visited: Labyrinth.

You collected 2445 gold pieces.
You spent 202 gold pieces at shops.

Inventory:

Hand Weapons
 e - a +1 executioner's axe of pain
 H - a +1 hand crossbow of flaming
 I - a +2 long sword of slicing
 L - the +7 captain's cutlass (weapon) {speed, disarm}
   (You took it off a centaur on level 7 of the Dungeon)

   Attacks with this weapon are significantly faster.
Armour
 n - a +1 pair of boots (worn)
 v - a +0 cloak of magic resistance (worn)
 D - a +0 pair of gloves (worn)
 N - a +3 plate armour (worn)
 Q - the +1 helmet of Crawling (worn) {*Drain rN+ Regen+ Int+4}
   (You found it on level 7 of the Dungeon)

   It affects your intelligence (+4).
   It protects you from negative energy.
   It increases your rate of regeneration.
   It causes draining when unequipped.
 V - a +2 buckler of positive energy (worn)
Jewellery
 u - an uncursed ring of protection from fire {unknown}
 y - the ring of Ytitirent {rCorr rC+ rN++ MP+9 Str-3}
   (You took it off a minotaur in a labyrinth)

   [ring of resist corrosion]

   It affects your strength (-3).
   It protects you from cold.
   It greatly protects you from negative energy.
   It affects your magic capacity (+9).
 O - a ring of see invisible (right hand)
 R - the ring of Foolhardiness (left hand) {rF+ MP+9 Dex+8}
   (You found it on level 7 of the Dungeon)

   [ring of protection from fire]

   It affects your dexterity (+8).
   It protects you from fire.
   It affects your magic capacity (+9).
Wands
 b - a wand of flame (21/48)
 o - a wand of lightning (6/15)
 Y - a wand of iceblast (9/15)
Scrolls
 h - 4 scrolls of identify
 j - 2 scrolls of fear {unknown}
 k - 2 scrolls of random uselessness {unknown}
 p - a scroll of recharging {unknown}
 r - 3 scrolls of enchant armour
 s - a scroll of blinking {unknown}
 t - 6 scrolls of magic mapping
 A - 2 scrolls of fog {unknown}
 F - 4 scrolls of teleportation
 G - 2 scrolls of noise {unknown}
 J - a scroll of acquirement {unknown}
 P - a scroll of holy word {unknown}
Potions
 d - 2 potions of might
 m - 2 potions of brilliance
 q - 5 potions of curing
 w - 2 potions of haste
 z - 2 potions of heal wounds
 B - a potion of flight {unknown}
 E - a potion of invisibility
 T - 2 potions of agility
Books
 g - a book of the Warp

   Spells                             Type                      Level
   a - Gell's Gravitas                Translocation                3
   b - Portal Projectile              Hexes/Translocation          3
   c - Force Lance                    Conjuration/Translocation    4
   d - Dispersal                      Translocation                6
   e - Controlled Blink               Translocation                8
   f - Disjunction                    Translocation                8
 C - a book of Misfortune

   Spells                             Type                      Level
   a - Confusing Touch                Hexes                        1
   b - Confuse                        Hexes                        3
   c - Gell's Gravitas                Translocation                3
   d - Petrify                        Transmutation/Earth          4
   e - Metabolic Englaciation         Hexes/Ice                    5
   f - Yara's Violent Unravelling     Hexes/Transmutation          5
Miscellaneous
 c - 2 phantom mirrors
 l - a phial of floods
 X - a sack of spiders
Comestibles
 a - 24 fruits
 f - 13 bread rations
 i - 9 royal jellies
 x - 11 meat rations


   Skills:
 + Level 15.1 Fighting
 + Level 12.7 Long Blades
 + Level 13.7 Armour
 + Level 8.2 Dodging
 + Level 14.0 Shields
 - Level 7.3 Invocations
 - Level 7.0 Evocations


You had 14 spell levels left.
You didn't know any spells.

Dungeon Overview and Level Annotations

Branches:
Dungeon (12/15)            Temple (1/1) D:4            Lair (6/6) D:10
  Swamp (0/4) Lair:4        Snake (0/4) Lair:3        Slime (0/5) Lair:6
    Orc (2/2) D:11            Elf (1/3) Orc:2

Altars:
Ashenzari
Cheibriados
Dithmenos
Elyvilon
Fedhas
Gozag
Hepliaklqana
Kikubaaqudgha
Makhleb
Nemelex Xobeh
Okawaru
Qazlal
Ru
Sif Muna
Trog
Uskayaw
Vehumet
Xom
Yredelemnul
Zin
The Shining One
Jiyva

Shops:
D:4 :   D:5 (   D:6 (   D:7 %   D:10 !   D:11 %   Orc:2 :?(?   Elf:1 (


Innate Abilities, Weirdness & Mutations

You have very sharp teeth.
You are partially covered in icy blue scales. (AC +2)
You expend magic power (3 MP) to strengthen your wands.
[You are extremely frail. (-30% HP)]
[You sometimes yell uncontrollably at your foes.]
[You are very weak. (Str -4)]


Message History

You feel the urge to shout.
You feel a strong urge to yell.
You feel weaker. x2
The thrashing horror roars!
You block the thrashing horror's attack.
The thrashing horror tramples you but does no damage.
The thrashing horror roars!
You block the thrashing horror's attack.
The thrashing horror tramples you.
You hold your ground!
The thrashing horror roars!
You hear a bark!
The thrashing horror roars!
The wretched star glows turbulently.
The orb of energy hits you!
A neqoxec and a raiju come into view.
The neqoxec shouts!
The raiju barks!
The ynoxinul gestures.
The wretched star glows turbulently.
The orb of energy hits you!
* * * LOW HITPOINT WARNING * * *
The ufetubus shouts!
The neqoxec shouts!
The thrashing horror roars!
The ynoxinul gestures at you. The iron shot hits you!
You die...

#. ..## .. ..
..##.# #..###
.###...#..#
#.3.h##.....#...###
###.@...##..#.#.#
#.X.....#.... ..
##..##.X.5#...#
#.L*..5..# .?###
#......#L3.3#.#..§.
#.##..#. .2#G*..W§.
..
#...#...#R#.##.#.
.. ...#....#§##.#.#
.
.##..#.####23..#.2.


You could see a lich, a blizzard demon, a glowing orange brain, a thrashing
horror, a large abomination (wandering), an efreet, a raiju, a neqoxec
(wandering), 2 ynoxinuls, 2 ufetubi and a lurking horror (wandering).

Vanquished Creatures
  The ghost of prototypeXXsupercool the Peltast, a journeyman MiBe of Trog (Orc:2)
  An angel (Abyss:3)
  A deep elf elementalist (Elf:1)
  The ghost of Fandomethor the Impaler, a journeyman MfBe of Trog (Lair:6)
  A minotaur (Lab)
  A green death (Abyss:3)
  Harold (D:12)
  2 hydras
  7 two-headed ogres
  A merfolk avatar (Lair:6)
  11 death yaks
  2 dancing weapons (Elf:1)
  3 thrashing horrors (Abyss:3)
  The ghost of Toogi the Zephyrmancer, a novice TeAE of Ashenzari (D:8)
  2 deep elf knights (Elf:1)
  A wretched star (Abyss:3)
  A sea snake (Lair:6)
  An unseen horror (D:10)
  The ghost of ig87 the Ruffian, a novice NaTm of Cheibriados (D:6)
  4 deep elf archers (Elf:1)
  7 deep elf magi
  The ghost of Tutankhamun the Cruncher, a novice MiGl of Okawaru (D:7)
  2 harpies (Lair:6)
  3 orc knights (Orc:2)
  An orc sorcerer (Orc:2)
  A cyclops (Orc:2)
  A manticore (D:12)
  6 black mambas
  A worldbinder (Abyss:3)
  14 elephants
  18 spiny frogs
  Joseph (D:7)
  A smoke demon (Abyss:3)
  Psyche (D:9)
  6 centaur skeletons
  4 gargoyles (Lab)
  8 komodo dragons
  3 rime drakes
  An ancient zyme (Abyss:3)
  A queen bee (D:10)
  3 polar bears (Lair:6)
  8 trolls
  2 tyrant leeches (Lair:4)
  A wind drake (Lair:6)
  5 slime creatures (D:12)
  A hornet (Lair:6)
  12 hippogriffs
  6 blink frogs (Lair:1)
  4 dream sheep (Lair:6)
  An air elemental (Elf:1)
  8 wyverns
  37 yaks
  A wraith (D:10)
  4 basilisks
  A ynoxinul (Abyss:3)
  A fire elemental (Elf:1)
  A steam dragon (D:8)
  A vampire mosquito (D:7)
  A chaos spawn (Abyss:3)
  A swamp worm (Lair:4)
  2 small abominations (Abyss:3)
  5 wargs
  A soldier ant (D:12)
  3 large abominations (Abyss:3)
  18 water moccasins
  10 porcupines
  A swamp drake (D:10)
  2 ice beasts
  34 orc warriors
  A necrophage (D:8)
  5 sky beasts
  3 black bears
  A hornet zombie (D:7)
  9 ogres
  3 phantoms
  15 wolves
  18 centaurs
  18 crocodiles
  3 big kobolds
  10 bullfrogs
  3 scorpions
  20 killer bees
  4 wights (D:11)
  5 howler monkeys (D:8)
  A troll skeleton (Lab)
  13 crimson imps
  A bullfrog zombie (D:7)
  3 lava snakes (D:9)
  A centaur zombie (D:6)
  2 quasits
  3 hounds
  5 jellies
  18 orc priests
  2 bullfrog skeletons
  22 orc wizards
  4 iguanas
  8 worker ants
  Robin (D:3)
  2 worker ant zombies
  8 gnolls
  16 adders
  A shadow imp (D:11)
  3 oozes
  3 worms
  2 dart slugs (D:1)
  2 leopard geckos
  103 orcs
  3 ball pythons
  8 giant cockroaches
  15 goblins
  11 hobgoblins
  12 jackals
  22 kobolds
  3 quokkas
  7 bats
  5 frilled lizards
  A jackal skeleton (D:7)
  7 rats
  A butterfly (D:4)
  2 fungi
739 creatures vanquished.

Vanquished Creatures (others)
  A small abomination (Abyss:3)
  8 fungi
  11 plants
20 creatures vanquished.

Grand Total: 759 creatures vanquished

Notes
Turn   | Place    | Note
-------+----------+-------------------------------------------
     0 | D:1      | Mitsuki the Hill Orc Fighter began the quest for the Orb.
     0 | D:1      | Reached XP level 1. HP: 19/19 MP: 1/1
    86 | D:1      | Reached XP level 2. HP: 24/27 MP: 2/2
   303 | D:1      | Reached skill level 4 in Fighting
   498 | D:1      | Reached XP level 3. HP: 29/33 MP: 3/3
  1671 | D:2      | Reached XP level 4. HP: 41/41 MP: 4/4
  2503 | D:3      | Found a radiant altar of Vehumet.
  2504 | D:3      | Noticed Robin
  2511 | D:3      | Noticed a phantom
  2520 | D:3      | Killed Robin
  2520 | D:3      | Reached XP level 5. HP: 44/47 MP: 3/5
  2531 | D:3      | Killed a phantom
  2531 | D:3      | Reached skill level 5 in Fighting
  2752 | D:3      | Reached XP level 6. HP: 55/56 MP: 6/6
  3387 | D:3      | Found a blossoming altar of Fedhas.
  3769 | D:4      | Found a staircase to the Ecumenical Temple.
  3776 | Temple   | Entered the Ecumenical Temple
  3840 | Temple   | Became a worshipper of Warmaster Okawaru
  3893 | D:4      | Found Haneguxt's Book Boutique.
  3988 | D:4      | Found a stormy altar of Qazlal.
  4045 | D:4      | Found a hazy altar of Hepliaklqana.
  4063 | D:4      | Reached skill level 5 in Shields
  4524 | D:5      | Entered Level 5 of the Dungeon
  4762 | D:5      | Reached XP level 7. HP: 61/61 MP: 7/7
  4788 | D:5      | Found Fosoad's Antique Weapon Boutique.
  4810 | D:5      | Reached skill level 5 in Armour
  4829 | D:5      | Found a hide-covered altar of Uskayaw.
  4944 | D:5      | Reached skill level 6 in Fighting
  5078 | D:5      | Found a shimmering altar of Xom.
  5078 | D:5      | Found a burning altar of Makhleb.
  5273 | D:5      | Reached skill level 5 in Long Blades
  5690 | D:6      | Reached XP level 8. HP: 44/71 MP: 5/8
  5693 | D:6      | Gained mutation: You have large cloven feet. [mutagenic meat]
  5889 | D:6      | Noticed ig87's ghost (novice NaTm)
  5959 | D:6      | Killed ig87's ghost
  5959 | D:6      | Reached * piety under Okawaru
  5959 | D:6      | Reached skill level 7 in Fighting
  6428 | D:6      | Reached XP level 9. HP: 56/80 MP: 6/9
  6607 | D:6      | Found Qyakamn's Weapon Shop.
  6619 | D:6      | Found a deep blue altar of Sif Muna.
  6619 | D:6      | Found a hide-covered altar of Uskayaw.
  6620 | D:6      | Found a glowing golden altar of the Shining One.
  6629 | D:6      | Reached skill level 8 in Fighting
  6746 | D:7      | Noticed Tutankhamun's ghost (novice MiGl)
  6765 | D:6      | Reached ** piety under Okawaru
  6955 | D:6      | Reached skill level 1 in Invocations
  7049 | D:7      | Killed Tutankhamun's ghost
  7236 | D:7      | Noticed Joseph
  7254 | D:7      | Killed Joseph
  7657 | D:7      | Found a sparkling altar of Nemelex Xobeh.
  7658 | D:7      | Found Zemanyed's Food Shop.
  7857 | D:7      | Reached skill level 9 in Fighting
  7911 | D:7      | Reached XP level 10. HP: 16/91 MP: 3/13
  8350 | D:7      | Found an opulent altar of Gozag.
  8536 | D:7      | Reached skill level 1 in Evocations
  8589 | D:7      | Reached *** piety under Okawaru
  8693 | D:7      | Got a brightly glowing hand axe {chop}
  8803 | D:7      | Noticed a two-headed ogre
  8818 | D:7      | Killed a two-headed ogre
  8827 | D:7      | Reached **** piety under Okawaru
  8851 | D:7      | Got an uncursed crude mace {freeze}
  8890 | D:7      | Got a heavily runed helmet
  8892 | D:7      | Got a flickering lapis lazuli ring
  9087 | D:8      | Found a shadowy altar of Dithmenos.
  9248 | D:8      | Reached skill level 10 in Fighting
  9319 | D:8      | Noticed Toogi's ghost (novice TeAE)
  9359 | D:8      | Identified the +1 helmet of Crawling {*Drain rN+ Regen+ Int+4} (You found it on level 7 of the Dungeon)
  9371 | D:8      | Identified the ring of Foolhardiness {rF+ MP+9 Dex+8} (You found it on level 7 of the Dungeon)
  9496 | D:8      | Noticed a two-headed ogre
  9508 | D:8      | Killed Toogi's ghost
  9508 | D:8      | Reached XP level 11. HP: 82/100 MP: 14/14
  9513 | D:8      | Killed a two-headed ogre
  9513 | D:8      | Reached ***** piety under Okawaru
  9558 | D:8      | Noticed a two-headed ogre
  9571 | D:8      | Killed a two-headed ogre
  9571 | D:8      | Received a gift from Okawaru
 10553 | D:9      | Found a glowing silver altar of Zin.
 10606 | D:9      | Noticed Psyche
 10610 | D:9      | Killed Psyche
 10748 | D:9      | Found a bloodstained altar of Trog.
 10860 | D:10     | Entered Level 10 of the Dungeon
 11013 | D:10     | Gained mutation: Your flesh is heat resistant. (rF+) [mutagenic meat]
 11014 | D:10     | Gained mutation: You have an increased reservoir of magic. (+10% MP) [mutagenic meat]
 11015 | D:10     | Gained mutation: You have a pair of small antennae on your head. [mutagenic meat]
 11017 | D:10     | Gained mutation: Your spells are a little harder to cast, but a little more powerful. [mutagenic meat]
 11018 | D:10     | Gained mutation: Your flesh is very heat resistant. (rF++) [mutagenic meat]
 11090 | D:10     | Reached skill level 10 in Shields
 11152 | D:10     | Reached skill level 1 in Dodging
 11390 | D:10     | Found a staircase to the Lair.
 11540 | D:10     | Reached skill level 10 in Armour
 11550 | D:10     | Reached skill level 5 in Evocations
 11924 | D:10     | Killed an unseen horror
 11924 | D:10     | Reached skill level 11 in Fighting
 12050 | D:10     | Found Ihich's Distillery.
 12070 | D:10     | Bought a potion of mutation for 112 gold pieces
 12070 | D:10     | Lost mutation: Your spells are a little harder to cast, but a little more powerful. [potion of mutation]
 12070 | D:10     | Lost mutation: Your flesh is very heat resistant. (rF++) [potion of mutation]
 12070 | D:10     | Lost mutation: You have a pair of small antennae on your head. [potion of mutation]
 12070 | D:10     | Lost mutation: Your flesh is heat resistant. (rF+) [potion of mutation]
 12070 | D:10     | Gained mutation: Your natural rate of healing is unusually fast. [potion of mutation]
 12071 | D:10     | Lost mutation: You have large cloven feet. [potion of mutation]
 12071 | D:10     | Lost mutation: You have an increased reservoir of magic. (+10% MP) [potion of mutation]
 12071 | D:10     | Gained mutation: You evolve. [potion of mutation]
 12072 | D:10     | Lost mutation: You evolve. [potion of mutation]
 12072 | D:10     | Lost mutation: Your natural rate of healing is unusually fast. [potion of mutation]
 12072 | D:10     | Gained mutation: You can translocate small distances at will. [potion of mutation]
 12072 | D:10     | Gained mutation: You expend magic power (3 MP) to strengthen your wands. [potion of mutation]
 12072 | D:10     | Gained mutation: You are partially covered in slimy green scales. (AC +2) [potion of mutation]
 12072 | D:10     | Gained mutation: You are resistant to electric shocks. (rElec) [potion of mutation]
 12073 | D:10     | Lost mutation: You expend magic power (3 MP) to strengthen your wands. [potion of mutation]
 12073 | D:10     | Lost mutation: You can translocate small distances at will. [potion of mutation]
 12073 | D:10     | Lost mutation: You are partially covered in slimy green scales. (AC +2) [potion of mutation]
 12073 | D:10     | Lost mutation: You are resistant to electric shocks. (rElec) [potion of mutation]
 12073 | D:10     | Gained mutation: You expend magic power (3 MP) to strengthen your wands. [potion of mutation]
 12073 | D:10     | Gained mutation: You have very sharp teeth. [potion of mutation]
 12073 | D:10     | Gained mutation: You are partially covered in icy blue scales. (AC +2) [potion of mutation]
 12099 | D:10     | Noticed a two-headed ogre
 12111 | D:10     | Killed a two-headed ogre
 12111 | D:10     | Reached XP level 12. HP: 104/110 MP: 16/16
 12560 | D:11     | Reached skill level 10 in Long Blades
 12568 | D:11     | Found Coigyet's Food Shop.
 12639 | D:11     | Received a gift from Okawaru
 12966 | D:11     | Found a staircase to the Orcish Mines.
 13921 | D:12     | Noticed a seven-headed hydra
 13938 | D:12     | Killed a seven-headed hydra
 13938 | D:12     | Reached skill level 5 in Invocations
 14302 | D:12     | Noticed Harold
 14311 | D:12     | Killed Harold
 14322 | D:12     | Noticed a two-headed ogre
 14332 | D:12     | Killed a two-headed ogre
 14804 | Lair:1   | Entered Level 1 of the Lair of Beasts
 14849 | Lair:1   | Reached XP level 13. HP: 105/117 MP: 18/18
 14856 | Lair:1   | Reached skill level 12 in Fighting
 14930 | Lair:1   | Found a labyrinth entrance.
 14949 | Lab      | Entered a labyrinth
 16964 | Lab      | Noticed a minotaur
 16983 | Lab      | Killed a minotaur
 16983 | Lab      | Received a gift from Okawaru
 16984 | Lab      | Got a crude quick blade {god gift}
 16990 | Lab      | Got a translucent silver ring
 17000 | Lab      | Identified Sif Muna's Tome of Glacial Attacks
 17326 | Lair:1   | Identified Sif Muna's Guide on the Mutagenic Glacier
 17765 | Lair:2   | Identified the +5 quick blade "Pedyot" {antimagic, +Fly rF- Dex+3 Stlth+} (Okawaru gifted it to you in a labyrinth)
 17771 | Lair:2   | Identified the ring of Ytitirent {rCorr rC+ rN++ MP+9 Str-3} (You took it off a minotaur in a labyrinth)
 19033 | Lair:3   | Received a gift from Okawaru
 19041 | Lair:3   | Reached skill level 5 in Dodging
 19394 | Lair:3   | Found a staircase to the Snake Pit.
 20538 | Lair:4   | Found a staircase to the Swamp.
 20630 | Lair:4   | Reached skill level 13 in Fighting
 20723 | Lair:4   | Reached XP level 14. HP: 116/129 MP: 19/19
 21553 | Lair:5   | Received a gift from Okawaru
 22360 | Lair:6   | Entered Level 6 of the Lair of Beasts
 23380 | Lair:6   | Reached ****** piety under Okawaru
 23417 | Lair:6   | Found a staircase to the Slime Pits.
 23420 | Lair:6   | Found a viscous altar of Jiyva.
 23554 | Lair:6   | Reached skill level 14 in Fighting
 24181 | Lair:6   | Reached XP level 15. HP: 130/138 MP: 20/20
 24279 | Lair:6   | Noticed Fandomethor's ghost (journeyman MfBe)
 24318 | Lair:6   | Killed Fandomethor's ghost
 24708 | Orc:1    | Entered Level 1 of the Orcish Mines
 24813 | Orc:2    | Entered Level 2 of the Orcish Mines
 24845 | Orc:2    | Noticed prototypeXXsupercool's ghost (journeyman MiBe)
 25035 | Orc:2    | Killed prototypeXXsupercool's ghost
 26277 | Orc:2    | Found a staircase to the Elven Halls.
 26386 | Orc:2    | Received a gift from Okawaru
 26415 | Orc:2    | Found Goeph's Antique Weapon Shop.
 26415 | Orc:2    | Found Kifer's Magic Scroll Emporium.
 26419 | Orc:2    | Found Nyosaij's Book Shoppe.
 26422 | Orc:2    | Found Uweuc's Magic Scroll Boutique.
 26434 | Orc:2    | Bought a scroll of enchant armour for 90 gold pieces
 26750 | Elf:1    | Entered Level 1 of the Elven Halls
 27155 | Elf:1    | Noticed a deep elf elementalist
 27164 | Elf:1    | Killed a deep elf elementalist
 27265 | Elf:1    | Found Nyom's Weapon Shoppe.
 27546 | Elf:1    | Noticed a deep elf sorcerer
 27556 | Elf:1    | Cast into level 3 of the Abyss (a deep elf sorcerer)
 27853 | Abyss:3  | Reached skill level 15 in Fighting
 27861 | Abyss:3  | Received a gift from Okawaru
 27916 | Abyss:3  | Noticed an angel
 27957 | Abyss:3  | Killed an angel
 28067 | Abyss:3  | Noticed a lich
 28095 | Abyss:3  | Killed from afar by a ynoxinul

Skill      XL: |  1  2  3  4  5  6  7  8  9 10 11 12 13 14 15 |
---------------+----------------------------------------------+-----
Fighting       | 4 5 6 7 9 10 11 13 14 15 | 15.1
Long Blades    | 3 4 5 6 7 8 9 10 12 | 12.7
Shields        | 4 5 6 7 8 9 10 11 12 13 14 | 14.0
Armour         | 4 5 6 7 9 10 12 13 | 13.7
Invocations    | 4 6 7 |  7.3
Evocations     | 3 5 6 7 |  7.0
Dodging        | 2 3 5 7 8 |  8.2

Action                   |  1- 3 |  4- 6 |  7- 9 | 10-12 | 13-15 || total
-------------------------+-------+-------+-------+-------+-------++-------
Melee: Long sword        |   134 |   180 |       |       |       ||   314
       Scimitar          |       |    15 |   338 |   212 |       ||   565
       Kick              |       |       |    84 |   178 |       ||   262
       Cutlass           |       |       |       |   739 |  2120 ||  2859
       Bite              |       |       |       |   102 |   401 ||   503
Invok: Heroism           |       |       |     3 |     4 |     8 ||    15
       Finesse           |       |       |       |       |     6 ||     6
  Use: Scroll            |       |       |       |     8 |    15 ||    23
       Potion            |       |       |       |     4 |     2 ||     6
 Stab: Distracted        |       |       |       |     1 |       ||     1
       Confused          |       |       |       |     1 |       ||     1
  Eat: Chunk             |     3 |     8 |     9 |    24 |    35 ||    79
       Royal jelly       |       |     1 |     1 |       |     5 ||     7
       Meat ration       |       |       |       |     1 |       ||     1
Armor: Scale mail        |    55 |    74 |   149 |    12 |       ||   290
       Plate armour      |       |       |       |   313 |   644 ||   957
Dodge: Dodged            |    39 |    56 |   103 |   161 |   448 ||   807
Block: Shield            |    63 |   101 |   180 |   260 |       ||   604
       Buckler           |       |       |       |   122 |   323 ||   445
       Large shield      |       |       |       |       |   899 ||   899
       Rpst.: Long sword |     7 |    24 |       |       |       ||    31
       Scimitar          |       |     1 |    22 |    10 |       ||    33
